AoeStats
← Soaking Dill

African Clearing

510633302Analyzed
3v3 RM · 8h ago on Oct 1, 2026· 46m 44s· 6 players
Game mode
Random Map
Map size
Normal (6 player)
Population
200
Speed
Normal
Resources
Standard
Victory
Conquest
Starting age
Dark Age
Ending age
Imperial Age
RankedLock teamsTeams togetherTeam positionsShared explorationLock speedFull tech treeHidden civsTurbo modeCheats
Victory
Defeat
🇨🇱 Berbers · Chile
1259
+17
🇨🇱 Khitans · Chile
1243
+17
🇺🇸 Huns · United States
1218
+18
🇸🇪 Saxons · Sweden
1359
-21
🇸🇪 Malians · Sweden
1239
-16
🇩🇪 Varangians · Germany
1222
-15
noziemann
5:57 Loom
13:47 Feudal Age
18:08 Castle Age
16:40 Scale Mail Armor
19:07 Forging
19:08 Double-Bit Axe
20:50 Squires
24:47 Chain Mail Armor
24:22 Gambesons
29:08 Horse Collar
31:02 Arson
32:45 Scale Barding Armor
33:49 Heavy Plow
33:52 Town Watch
36:41 Wheelbarrow
39:31 Pikeman
Kaos1000
6:08 Loom
14:20 Feudal Age
16:20 Double-Bit Axe
23:32 Castle Age
22:32 Gold Mining
25:45 Bow Saw
25:44 Squires
25:31 Arson
29:37 Town Watch
32:54 Wheelbarrow
32:50 Scale Mail Armor
33:00 Forging
34:23 Horse Collar
36:04 Tigui
36:31 Fletching
39:03 Iron Casting
Creweer
6:44 Loom
13:04 Feudal Age
13:44 Double-Bit Axe
21:29 Scale Barding Armor
23:32 Castle Age
21:47 Horse Collar
23:15 Fletching
27:58 Guard Tower
31:24 Wheelbarrow
32:57 Bow Saw
35:14 Heavy Plow
37:02 Bloodlines
38:00 Bodkin Arrow
43:50 Pikeman
46:11 Scale Mail Armor
48:47 Imperial Age
46:41 Scale Mail Armor
46:51 Forging
Soaking Dill
10:27 Loom
12:35 Feudal Age
14:33 Double-Bit Axe
16:55 Castle Age
16:25 Fletching
17:51 Bow Saw
18:24 Horse Collar
24:01 Bodkin Arrow
25:51 Bloodlines
26:30 Thumb Ring
26:41 Padded Archer Armor
29:37 Husbandry
30:52 Wheelbarrow
30:35 Leather Archer Armor
31:01 Ballistics
32:30 Hand Cart
32:01 Town Watch
39:13 Imperial Age
37:08 Scale Barding Armor
37:13 Forging
37:07 Marauders
39:34 Chain Barding Armor
39:49 Iron Casting
39:23 Elite Tarkan
40:25 Conscription
40:38 Gold Mining
42:07 Plate Barding Armor
44:43 Blast Furnace
Pelantaro
9:01 Loom
12:15 Feudal Age
16:37 Forging
19:36 Double-Bit Axe
22:56 Scale Barding Armor
24:07 Wheelbarrow
27:49 Castle Age
28:11 Light Cavalry
29:36 Iron Casting
29:21 Chain Barding Armor
29:28 Husbandry
31:45 Bow Saw
35:58 Domestication
36:28 Stone Mining
38:27 Scale Mail Armor
39:51 Chain Mail Armor
40:12 Pastoralism
41:02 Squires
42:30 Town Watch
44:15 Hand Cart
45:21 Lamellar Armor
46:02 Fletching
46:39 Arson
49:34 Imperial Age
ᅚᅚᅚᅚ
14:01 Feudal Age
13:23 Loom
15:47 Feudal Age
19:53 Castle Age
18:11 Town Watch
21:11 Double-Bit Axe
23:35 Bow Saw
25:29 Wheelbarrow
32:16 Fletching
36:02 Bodkin Arrow
41:22 Bloodlines
41:12 Husbandry
45:19 Imperial Age
44:24 Crossbowman
46:42 Ballistics
46:24 Horse Collar
46:34 Gold Mining
47:23 Padded Archer Armor
47:24 Bracer
Connection lost

Rejoining the realm…

Still unreachable

The connection could not be restored.

Session expired

The server has moved on; the page needs a fresh start.